 Dungeon Crawl Stone Soup version 0.29-a0-409-gd843f3a48c (webtiles) character file.

Game seed: 14290992106675559668

89971 jfcaron the Blocker (level 15, 0/122 HPs)
             Began as a Gnoll Monk on May 13, 2022.
             Was a Plaything of Xom.
             Slain by a very large slime creature (42 damage)
             ... on level 13 of the Dungeon on May 14, 2022.
             The game lasted 01:24:16 (25971 turns).

jfcaron the Blocker (Gnoll Monk)                   Turns: 25971, Time: 01:24:19

Health: 0/122      AC: 42    Str: 19 (20) XL:     15   Next: 99%
Magic:  29/29      EV: 10    Int: 10      God:    Xom [..*...]
Gold:   1143       SH: 13    Dex: 17 (18) Spells: 30/35 levels left

rFire   + + .      SeeInvis .   a - +12 Maxwell's thermic engine {flame, freeze}
rCold   + . .      Faith    .   O - +0 kite shield {reflect}
rNeg    . . .      Spirit   .   D - +9 plate armour of Disaster {Will+ rCorr Str+2 Stlth+}
rPois   .          Reflect  +   n - +1 helmet
rElec   .          Harm     .   x - +2 cloak
rCorr   +          Rampage  .   e - +0 pair of gloves
Will    ++...                   G - +0 pair of boots
Stlth   +++.......              z - amulet of regeneration
HPRegen 1.10/turn               c - +4 ring of protection
MPRegen 0.21/turn               v - +4 ring of protection

@: studying Shields, unable to read
A: fangs 1, strong nose, distributed training, iridescent scales 1, thin
skeletal structure 1, agile 1, cold resistance 1, deterioration 1, fire
resistance 2, inability to read while threatened
a: Renounce Religion


You were on level 13 of the Dungeon.
You worshipped Xom.
You were a toy of Xom.
You visited 4 branches of the dungeon, and saw 22 of its levels.
You also visited: Ice Cave.

You collected 5809 gold pieces.
You spent 4666 gold pieces at shops.

Inventory:

Hand Weapons
 a - the +12 Maxwell's thermic engine (weapon) {flame, freeze}
   (You found it in an ice cave)

   It burns those it strikes, dealing additional fire damage.
   Big, fiery blades are also staple armaments of hydra-hunters.
   It freezes those it strikes, dealing additional cold damage.
   It can also slow down cold-blooded creatures.
   It becomes more effective when it hits something.
   This effect fades over time.
Missiles
 p - 410 stones (quivered)
 q - 3 atropa-tipped darts
 N - 2 throwing nets {!f}
 V - 14 poisoned darts
 W - 11 javelins
 Z - 5 curare-tipped darts {!f}
Armour
 e - a +0 pair of gloves (worn)
 n - a +1 helmet (worn)
 x - a +2 cloak (worn)
 D - the +9 plate armour of Disaster (worn) {Will+ rCorr Str+2 Stlth+}
   (You bought it in a shop on level 2 of the Orcish Mines)

   Str:       It affects your strength (+2).
   rCorr:     It protects you from acid and corrosion.
   Will:      It increases your willpower.
   Stlth:     It makes you more stealthy.
 G - a +0 pair of boots (worn)
 O - a +0 kite shield of reflection (worn)
Jewellery
 c - a +4 ring of protection (left hand)
 f - a ring of resist corrosion
 v - a +4 ring of protection (right hand)
 y - a ring of protection from cold
 z - an amulet of regeneration (around neck)
 B - a ring of poison resistance
 E - a ring of willpower
 P - the ring "Wuatzil" {Fly rElec rC+}
   (You bought it in a shop on level 2 of the Orcish Mines)

   [ring of flight]

   rC:        It protects you from cold.
   rElec:     It insulates you from electricity.
   Fly:       It grants you flight.
Wands
 d - a wand of acid (14)
 s - a wand of charming (4)
 t - a wand of iceblast (11)
 u - a wand of polymorph (5)
 L - a wand of flame (26)
 X - a wand of paralysis (11)
Scrolls
 b - 4 scrolls of fog
 g - 12 scrolls of teleportation
 A - 3 scrolls of vulnerability
 C - 3 scrolls of torment
 F - 8 scrolls of blinking
 H - 3 scrolls of fear
 R - 2 scrolls of poison
 S - 2 scrolls of immolation
 T - a scroll of silence
 Y - 2 scrolls of summoning
Potions
 h - 7 potions of heal wounds
 i - 5 potions of curing
 j - 7 potions of might
 k - 2 potions of mutation {unknown}
 l - a potion of invisibility
 m - 2 potions of lignification
 o - a potion of magic
 r - 7 potions of flight
 w - 2 potions of berserk rage
 I - 5 potions of ambrosia
 J - 2 potions of cancellation
 K - a potion of resistance
 U - 5 potions of haste
Miscellaneous
 M - a lightning rod (4/4)


   Skills:
 + Level 12.3 Fighting
 + Level 10.5 Short Blades
 + Level 10.5 Long Blades
 + Level 10.5 Axes
 + Level 10.5 Maces & Flails
 + Level 10.5 Polearms
 + Level 10.5 Staves
 + Level 10.5 Slings
 + Level 10.5 Bows
 + Level 10.5 Crossbows
 + Level 10.5 Throwing
 + Level 10.5 Armour
 + Level 12.3 Dodging
 + Level 11.3 Stealth
 + Level 14.3 Shields
 + Level 12.3 Unarmed Combat
 + Level 10.5 Spellcasting
 + Level 8.8 Conjurations
 + Level 8.8 Hexes
 + Level 8.8 Summonings
 + Level 8.8 Necromancy
 + Level 8.8 Translocations
 + Level 8.8 Transmutations
 + Level 8.8 Fire Magic
 + Level 8.8 Ice Magic
 + Level 8.8 Air Magic
 + Level 8.8 Earth Magic
 + Level 8.8 Poison Magic
 + Level 11.4 Invocations
 + Level 10.5 Evocations


You had 30 spell levels left.
You knew the following spells:

 Your Spells              Type           Power      Damage    Failure   Level
a - Blink                 Tloc           46%        N/A       17%         2
b - Frozen Ramparts       Ice            46%        1d6       34%         3

Your spell library contained the following spells:

 Spells                   Type           Power      Damage    Failure   Level
 Freeze                   Ice            92%        1d10      12%         1
 Conjure Flame            Conj/Fire      23%        6-21      34%         3
 Gell's Gravitas          Tloc           23%        N/A       34%         3
 Inner Flame              Hex/Fire       23%        N/A       34%         3
 Lesser Beckoning         Tloc           23%        N/A       34%         3
 Teleport Other           Tloc           23%        N/A       34%         3
 Airstrike                Air            11%        N/A       75%         4
 Hailstorm                Conj/Ice       23%        3d7       75%         4
 Leda's Liquefaction      Hex/Erth       11%        N/A       75%         4
 Petrify                  Tmut/Erth      23%        N/A       75%         4
 Summon Lightning Spire   Summ/Air       23%        N/A       75%         4
 Fireball                 Conj/Fire      11%        3d7       97%         5
 Iskenderun's Battlesphe  Conj           23%        2d8       97%         5
 Lightning Bolt           Conj/Air       11%        1d24      97%         5
 Manifold Assault         Tloc           23%        N/A       97%         5
 Metabolic Englaciation   Hex/Ice        11%        N/A       97%         5
 Conjure Ball Lightning   Conj/Air       11%        3x3d6     100%        6
 Dispersal                Tloc           11%        N/A       100%        6
 Statue Form              Tmut/Erth      15%        N/A       100%        6
 Enfeeble                 Hex            11%        N/A       100%        7
 Orb of Destruction       Conj           11%        9d6       100%        7


Dungeon Overview and Level Annotations

Branches:
Dungeon (13/15)            Temple (1/1) D:4            Lair (6/6) D:9
 Shoals (0/4) Lair:3       Spider (0/4) Lair:2        Slime (0/5) Lair:6
    Orc (2/2) D:12            Elf (0/3) Orc:2         IceCv (visited)
 Vaults: D:13-14

Altars:
Ashenzari
Cheibriados
Dithmenos
Elyvilon
Fedhas
Gozag
Hepliaklqana
Kikubaaqudgha
Makhleb
Nemelex Xobeh
Okawaru
Qazlal
Ru
Sif Muna
Trog
Uskayaw
Vehumet
Wu Jian
Xom
Yredelemnul
Zin
The Shining One
Beogh

Shops:
D:4 :   D:5 [   Orc:1 !?   Orc:2 =[*(==(=(


Innate Abilities, Weirdness & Mutations

You have very sharp teeth.
Your uncanny sense of smell can sniff out nearby items.
Your experience applies equally to all skills.
You are partially covered in iridescent scales. (AC +2)
You have a somewhat thin skeletal structure. (Dex +2, Stealth+)
You are agile. (Dex +2)
Your flesh is cold resistant. (rC+)
Your body sometimes deteriorates upon taking damage.
Your flesh is very heat resistant. (rF++)
You sometimes lose the ability to read scrolls when taking damage.


Message History

You block the slime creature's attack.
The slime creature hits you but does no damage.
You block the very large slime creature's attack.
You completely miss the very large slime creature.
You bite the very large slime creature.
The very large slime creature is heavily wounded.
You block the slime creature's attack.
The very large slime creature hits you!!!
You feel threatened and lose the ability to read scrolls!
Your body deteriorates!
You feel weakened.
The slime creature hits you but does no damage. x2
You slice the very large slime creature!!
You burn the very large slime creature!
You freeze the very large slime creature.
The very large slime creature is severely wounded.
You block the slime creature's attack.
The slime creature hits you but does no damage.
You block the slime creature's attack. The very large slime creature hits you.
You slash the very large slime creature!
You burn the very large slime creature.
You freeze the very large slime creature.
The very large slime creature is almost dead.
The slime creature hits you.
The slime creature hits you but does no damage.
The slime creature hits you!
You block the very large slime creature's attack.
You hit the very large slime creature. You burn the very large slime creature.
You freeze the very large slime creature.
The very large slime creature is almost dead.
The slime creature hits you but does no damage.
The slime creature closely misses you. You block the slime creature's attack.
The very large slime creature hits you.
You hit the very large slime creature. You burn the very large slime creature.
You freeze the very large slime creature.
The very large slime creature is almost dead.
The slime creature closely misses you. You block the slime creature's attack.
The slime creature barely misses you.
The very large slime creature hits you!!!
You die...
Xom howls with laughter!

##### #### ....#
#..###### ....#
#....?... ....#
#........ ....#
#..(..... ....#
#####JJ...... ##
....########...J@J......
..
##......................
#+####
#.....######+###.......
#....# #.....#
#.....###+##....#
#.....#
#.....#.........#
#.....#
###.....+.........#
#.#####
#.......#.......... #.#
#.......#.......... #.#
+.......#......<...


You could see a very large slime creature and 3 slime creatures.

Vanquished Creatures
  Jorgrun (D:13)
  Donald (Orc:2)
  An orc warlord (Orc:1)
  Nessos (Orc:2)
  2 dire elephants
  A spark wasp (shapeshifter) (D:9)
  9 hydras
  2 boulder beetles
  The ghost of om the Nimble, a journeyman DrIE of Vehumet (D:12)
  An ice dragon (IceCv)
  2 catoblepae
  4 two-headed ogres
  2 centaur warriors (D:13)
  3 death yaks (Lair:5)
  4 orc high priests (Orc:2)
  A glowing orange brain (shapeshifter) (Lair:3)
  Pikel (D:7)
  2 lindwurms (Lair:6)
  An orc knight (Orc:2)
  A deep elf pyromancer (D:13)
  5 orc sorcerers
  A wolf spider (Lair:6)
  2 cyclopes
  3 manticores
  3 ugly things
  25 elephants
  4 merfolk sirens (Lair:3)
  15 black mambas
  A guardian serpent (Lair:6)
  2 ice statues (IceCv)
  A gargoyle (D:12)
  19 cane toads
  3 torpor snails
  A kobold demonologist (D:10)
  8 rime drakes
  An efreet (D:12)
  8 komodo dragons
  2 polar bears
  6 trolls
  A queen bee (Lair:3)
  A meliai (D:12)
  14 blink frogs
  4 hornets
  A slime creature (Lair:6)
  6 dream sheep (Lair:4)
  A culicivora (Lair:2)
  A spriggan (shapeshifter) (Lair:4)
  2 shadows
  3 wraiths
  2 spriggans
  14 wyverns
  6 basilisks
  61 yaks
  A golden eye (Lair:3)
  2 steam dragons
  3 redbacks (Lair:6)
  3 wargs
  18 water moccasins
  2 sky beasts
  2 black bears
  2 ice beasts
  23 orc warriors
  26 wolves
  15 centaurs
  4 ogres
  A lemure (D:7)
  A kobold brigand (D:10)
  2 phantoms
  2 gnoll sergeants (D:5)
  3 necrophages
  4 scorpions
  14 bullfrogs
  13 wights
  18 killer bees
  4 lindwurm simulacra (IceCv)
  9 howler monkeys
  5 komodo dragon simulacra (IceCv)
  6 hounds
  7 jellies
  30 orc priests
  5 gnoll shamans
  Crazy Yiuf (D:7)
  Jessica (D:2)
  4 iguanas
  29 orc wizards
  33 gnolls
  9 acid dragon simulacra (IceCv)
  6 adders
  A shadow imp (D:7)
  6 white imps
  3 steam dragon simulacra (IceCv)
  2 worms (D:2)
  62 orcs
  2 bats (D:2)
  6 endoplasms
  3 giant cockroaches
  3 goblins
  9 hobgoblins
  7 jackals
  3 quokkas
  2 ball pythons
  5 frilled lizards
  7 kobolds
  4 rats
  A bush (Lair:3)
  75 fungi
  110 plants
887 creatures vanquished.

Notes
Turn   | Place    | Note
-------+----------+-------------------------------------------
     0 | D:1      | jfcaron the Gnoll Monk began the quest for the Orb.
     0 | D:1      | Reached XP level 1. HP: 23/23 MP: 1/1
   201 | D:1      | You fall into a shaft and drop 1 floor!
   288 | D:1      | Reached XP level 2. HP: 29/29 MP: 2/2
   600 | D:1      | Found a faded altar of an unknown god.
   610 | D:1      | Prayed at the altar of an unknown god.
   610 | D:1      | Became a worshipper of Ru the Awakened
   621 | D:1      | Fell from the grace of Ru
   945 | D:2      | Reached XP level 3. HP: 29/35 MP: 3/3
  1064 | D:2      | Noticed a necrophage
  1451 | D:2      | Killed a necrophage
  1452 | D:2      | Reached skill level 1 in Short Blades
  1452 | D:2      | Reached skill level 1 in Long Blades
  1452 | D:2      | Reached skill level 1 in Axes
  1452 | D:2      | Reached skill level 1 in Maces & Flails
  1452 | D:2      | Reached skill level 1 in Polearms
  1452 | D:2      | Reached skill level 1 in Staves
  1452 | D:2      | Reached skill level 1 in Slings
  1452 | D:2      | Reached skill level 1 in Bows
  1452 | D:2      | Reached skill level 1 in Crossbows
  1452 | D:2      | Reached skill level 1 in Throwing
  1452 | D:2      | Reached skill level 1 in Armour
  1452 | D:2      | Reached skill level 1 in Shields
  1452 | D:2      | Reached skill level 1 in Spellcasting
  1452 | D:2      | Reached skill level 1 in Conjurations
  1452 | D:2      | Reached skill level 1 in Hexes
  1452 | D:2      | Reached skill level 1 in Summonings
  1452 | D:2      | Reached skill level 1 in Necromancy
  1452 | D:2      | Reached skill level 1 in Translocations
  1452 | D:2      | Reached skill level 1 in Transmutations
  1452 | D:2      | Reached skill level 1 in Fire Magic
  1452 | D:2      | Reached skill level 1 in Ice Magic
  1452 | D:2      | Reached skill level 1 in Air Magic
  1452 | D:2      | Reached skill level 1 in Earth Magic
  1452 | D:2      | Reached skill level 1 in Poison Magic
  1452 | D:2      | Reached skill level 1 in Invocations
  1452 | D:2      | Reached skill level 1 in Evocations
  1452 | D:2      | Reached XP level 4. HP: 35/41 MP: 3/5
  1569 | D:2      | Noticed Jessica
  1571 | D:2      | Killed Jessica
  1572 | D:2      | Reached XP level 5. HP: 47/47 MP: 6/6
  2317 | D:3      | Found a radiant altar of Vehumet.
  2362 | D:3      | HP: 7/47 [orc priest/divine providence (10)]
  2925 | D:3      | Reached XP level 6. HP: 53/53 MP: 8/8
  3395 | D:4      | Reached skill level 2 in Shields
  3502 | D:4      | Found a staircase to the Ecumenical Temple.
  3513 | Temple   | Entered the Ecumenical Temple
  3781 | Temple   | Became a worshipper of Xom of Unknown Intention
  4108 | D:4      | Reached XP level 7. HP: 22/59 MP: 10/10
  4468 | D:4      | Found Githek's Book Shoppe.
  4522 | D:4      | XOM: silly message
  4808 | D:4      | XOM: noise
  4832 | D:5      | Entered Level 5 of the Dungeon
  5054 | D:5      | Reached skill level 5 in Stealth
  5198 | D:5      | XOM: silly message
  5615 | D:4      | XOM: divination: detect items
  5662 | D:5      | Reached XP level 8. HP: 57/67 MP: 12/12
  5667 | D:5      | Identified a scroll of acquirement
  5667 | D:5      | Acquired 1073 gold pieces
  5667 | D:5      | XOM: 1-stop teleportation journey
  5758 | D:5      | XOM: confuse monster(s)
  5764 | D:5      | Reached skill level 3 in Shields
  5845 | D:4      | Bought a manual of Shields for 1120 gold pieces
  5864 | D:5      | XOM: silly message
  5870 | D:5      | Found Qoaps's Antique Armour Shoppe.
  6169 | D:5      | Found Rodiphir's Weapon Shoppe.
  6488 | D:5      | XOM: potion effect (curing)
  6491 | D:5      | Reached skill level 4 in Shields
  6742 | D:5      | Reached XP level 9. HP: 72/72 MP: 14/14
  7066 | D:5      | XOM: scenery: summon butterflies
  7214 | D:6      | XOM: give mutation
  7214 | D:6      | Gained mutation: Your flesh is heat resistant. (rF+) [Xom's
                  | grace]
  7256 | D:6      | XOM is BORED!
  7256 | D:6      | XOM: 2-stop teleportation journey
  7345 | D:6      | XOM: give mutation
  7345 | D:6      | Gained mutation: You are partially covered in iridescent
                  | scales. (AC +2) [Xom's grace]
  7538 | D:6      | Reached skill level 5 in Shields
  7572 | D:6      | XOM: silly message
  8015 | D:7      | XOM: summons friendly ufetubus
  8045 | D:7      | Acquired 725 gold pieces
  8071 | D:6      | XOM is BORED!
  8071 | D:6      | XOM: torment (38/74 hp)
  8116 | D:5      | Bought a jewelled plate armour for 924 gold pieces
  8116 | D:5      | Identified the +7 plate armour of Piedeot {Str+7 Int+3}
                  | (You bought it in a shop on level 5 of the Dungeon)
  8363 | D:7      | XOM: fog
  8391 | D:7      | XOM: summons 3 hostile demons
  8440 | D:7      | Noticed a white ugly thing
  8443 | D:7      | Killed a white ugly thing
  8443 | D:7      | XOM: divine lightning
  8444 | D:7      | Reached skill level 5 in Invocations
  8587 | D:7      | Noticed Pikel
  8601 | D:7      | XOM: summons friendly quasit
  8608 | D:7      | Reached skill level 6 in Shields
  8608 | D:7      | Killed Pikel
  8609 | D:7      | Reached XP level 10. HP: 80/80 MP: 17/17
  8744 | D:7      | Found a runed translucent door.
  8745 | D:7      | Noticed Crazy Yiuf
  8751 | D:7      | Killed Crazy Yiuf
  8851 | D:7      | XOM: fake destruction
  8931 | D:7      | XOM: divination: detect items
  9038 | D:8      | Paralysed by a hornet for 2 turns
  9049 | D:8      | Reached skill level 5 in Short Blades
  9049 | D:8      | Reached skill level 5 in Long Blades
  9049 | D:8      | Reached skill level 5 in Axes
  9049 | D:8      | Reached skill level 5 in Maces & Flails
  9049 | D:8      | Reached skill level 5 in Polearms
  9049 | D:8      | Reached skill level 5 in Staves
  9049 | D:8      | Reached skill level 5 in Slings
  9049 | D:8      | Reached skill level 5 in Bows
  9049 | D:8      | Reached skill level 5 in Crossbows
  9049 | D:8      | Reached skill level 5 in Throwing
  9049 | D:8      | Reached skill level 5 in Armour
  9049 | D:8      | Reached skill level 5 in Spellcasting
  9049 | D:8      | Reached skill level 5 in Evocations
  9223 | D:8      | XOM: cloud trail
  9363 | D:8      | XOM: 4-stop teleportation journey
  9414 | D:8      | XOM: 7-stop teleportation journey
  9691 | D:8      | XOM: give mutations
  9691 | D:8      | Gained mutation: Your flesh is very heat resistant. (rF++)
                  | [Xom's grace]
  9691 | D:8      | Gained mutation: You have a pair of small horns on your
                  | head. [Xom's grace]
  9803 | D:8      | XOM: god gift: 22 stones
  9893 | D:7      | XOM: scenery: create altars
 10042 | D:9      | Noticed a glowing shapeshifter
 10042 | D:9      | a yak changed into a glowing shapeshifter
 10042 | D:9      | XOM: polymorph yak -> glowing shapeshifter
 10043 | D:9      | Noticed a moth of wrath
 10043 | D:9      | a glowing shapeshifter changed into a moth of wrath
 10046 | D:9      | Noticed a glowing shapeshifter
 10046 | D:9      | a moth of wrath changed into a glowing shapeshifter
 10046 | D:9      | Noticed a torpor snail
 10046 | D:9      | a glowing shapeshifter changed into a torpor snail
 10050 | D:9      | Noticed a spark wasp
 10050 | D:9      | a torpor snail changed into a spark wasp
 10058 | D:9      | Killed a spark wasp
 10059 | D:9      | Reached skill level 7 in Shields
 10102 | D:9      | XOM: silly message
 10196 | D:9      | Reached XP level 11. HP: 84/87 MP: 19/19
 10324 | D:9      | XOM: potion effect (haste)
 10489 | D:9      | Found a staircase to the Lair.
 10573 | D:9      | XOM: potion effect (might)
 10576 | D:9      | Reached skill level 8 in Shields
 10579 | D:9      | Reached skill level 5 in Conjurations
 10579 | D:9      | Reached skill level 5 in Hexes
 10579 | D:9      | Reached skill level 5 in Summonings
 10579 | D:9      | Reached skill level 5 in Necromancy
 10579 | D:9      | Reached skill level 5 in Translocations
 10579 | D:9      | Reached skill level 5 in Transmutations
 10579 | D:9      | Reached skill level 5 in Fire Magic
 10579 | D:9      | Reached skill level 5 in Ice Magic
 10579 | D:9      | Reached skill level 5 in Air Magic
 10579 | D:9      | Reached skill level 5 in Earth Magic
 10579 | D:9      | Reached skill level 5 in Poison Magic
 10842 | D:9      | XOM: 1-stop teleportation journey
 11260 | Lair:1   | Entered Level 1 of the Lair of Beasts
 11484 | Lair:1   | XOM: summons 2 hostile shadow creatures
 11500 | Lair:1   | HP: 17/89 [poisoned by a cane toad]
 11502 | Lair:1   | HP: 8/89 [yak[Xom] (9)]
 11541 | Lair:1   | XOM: give mutation
 11541 | Lair:1   | Gained mutation: You sometimes lose the ability to read
                  | scrolls when taking damage. [Xom's mischief]
 11716 | Lair:1   | XOM: enchant monster (bad)
 11758 | Lair:1   | XOM: draining
 11770 | Lair:1   | XOM: polymorph yak -> spriggan
 11773 | Lair:1   | XOM: noise
 11775 | Lair:1   | XOM: give mutations
 11775 | Lair:1   | Gained mutation: You have hidden genetic potential. [Xom's
                  | grace]
 11775 | Lair:1   | Gained mutation: You are mostly covered in iridescent
                  | scales. (AC +4) [Xom's grace]
 11799 | Lair:1   | XOM: enchant monster (good)
 11815 | Lair:1   | XOM: 1-stop teleportation journey
 11905 | Lair:1   | Reached skill level 9 in Shields
 12279 | Lair:1   | Noticed an eight-headed hydra
 12290 | Lair:1   | Killed an eight-headed hydra
 12488 | Lair:2   | XOM: silly message
 12489 | Lair:2   | XOM: repel stairs
 12498 | Lair:2   | XOM: scenery: summon butterflies
 12502 | Lair:2   | XOM: summons friendly quasit
 12504 | Lair:2   | Reached XP level 12. HP: 96/96 MP: 22/22
 12519 | Lair:2   | XOM: polymorph butterfly -> shapeshifter
 12536 | Lair:2   | XOM: divination: detect creatures
 12607 | Lair:2   | Found a hole to the Spider Nest.
 12766 | Lair:2   | XOM: confuse monster(s)
 12864 | Lair:2   | Noticed a catoblepas
 12868 | Lair:2   | XOM: cleaving
 12870 | Lair:2   | XOM: divination: detect creatures
 12886 | Lair:2   | Killed a catoblepas
 13363 | Lair:2   | XOM: give mutation
 13363 | Lair:2   | Gained mutation: You are completely covered in iridescent
                  | scales. (AC +6) [Xom's grace]
 13563 | Lair:3   | XOM: confuse monster(s)
 13583 | Lair:3   | XOM: polymorph cane toad -> glowing shapeshifter
 13590 | Lair:3   | HP: 18/97 [poisoned by a sea snake (poison gas)]
 13592 | Lair:3   | XOM: enchant monster (good)
 13762 | Lair:3   | Gained mutation: You have great hidden genetic potential.
                  | [hidden potential]
 13777 | Lair:3   | Reached skill level 10 in Shields
 13793 | Lair:3   | XOM: summons friendly crimson imp
 13821 | Lair:3   | Reached skill level 10 in Fighting
 13821 | Lair:3   | Reached skill level 10 in Dodging
 13821 | Lair:3   | Reached skill level 10 in Unarmed Combat
 13928 | Lair:3   | XOM: polymorph yak -> golden eye
 13954 | Lair:3   | XOM: polymorph yak -> queen bee
 13958 | Lair:3   | XOM: enchant monster (good)
 13961 | Lair:3   | XOM: cast spell 'Death Channel'
 13966 | Lair:3   | XOM: polymorph queen bee -> queen bee
 13977 | Lair:3   | XOM: potion effect (haste)
 14181 | Lair:3   | XOM: divination: magic mapping
 14211 | Lair:3   | XOM: noise
 14222 | Lair:3   | XOM: confuse monster(s)
 14267 | Lair:3   | Found a staircase to the Shoals.
 14397 | Lair:3   | XOM: 2-stop teleportation journey
 14432 | Lair:3   | XOM: stat loss: -1 Dex (13/14)
 14438 | Lair:3   | Reached XP level 13. HP: 86/103 MP: 24/24
 14460 | Lair:3   | XOM: noise
 14548 | Lair:3   | XOM: scenery: summon butterflies
 14639 | Lair:3   | XOM: god gift: 1028 gold pieces
 14934 | Lair:4   | XOM: summons friendly hellwing
 15022 | Lair:4   | Reached skill level 11 in Shields
 15175 | Lair:4   | XOM: polymorph komodo dragon -> spriggan
 15184 | Lair:4   | Gained mutation: You are agile. (Dex +2) [hidden potential]
 15184 | Lair:4   | Lost mutation: You have great hidden genetic potential.
                  | [hidden potential expressed]
 15198 | Lair:4   | XOM: summons 13 friendly demons
 15270 | Lair:4   | XOM: polymorph seven-headed hydra -> shapeshifter
 15361 | Lair:4   | XOM: destruction
 15602 | Lair:5   | XOM: give mutations
 15602 | Lair:5   | Gained mutation: Your movements are slightly less
                  | encumbered by armour. (ER -2) [Xom's grace]
 15602 | Lair:5   | Gained mutation: You are strong-willed. (Will+) [Xom's
                  | grace]
 15606 | Lair:5   | XOM: 1-stop teleportation journey
 15687 | Lair:5   | XOM: cast spell 'Summon Horrible Things'
 15740 | Lair:5   | XOM: give mutations
 15740 | Lair:5   | Gained mutation: Your flesh is cold resistant. (rC+) [Xom's
                  | grace]
 15740 | Lair:5   | Gained mutation: You have a pair of horns on your head.
                  | [Xom's grace]
 15798 | Lair:5   | XOM: enchant monster (bad)
 15833 | Lair:5   | XOM: scenery: summon butterflies
 15837 | Lair:5   | XOM: silly message
 15844 | Lair:5   | XOM: divine lightning
 15845 | Lair:5   | XOM: summons friendly shadow imp
 15935 | Lair:5   | XOM: scenery: create altars
 15985 | Lair:5   | XOM: 2-stop teleportation journey
 16010 | Lair:5   | XOM: fake destruction
 16067 | Lair:5   | XOM: give mutation
 16067 | Lair:5   | Lost mutation: You have a pair of horns on your head.
                  | [Xom's mischief]
 16068 | Lair:5   | Got the Compendium of Cold and Dislocation
 16189 | Lair:5   | XOM: destruction
 16202 | Lair:5   | XOM: polymorph water moccasin -> centaur
 16226 | Lair:5   | Noticed a dire elephant
 16226 | Lair:5   | a death yak changed into a dire elephant
 16226 | Lair:5   | XOM: polymorph death yak -> dire elephant
 16227 | Lair:5   | XOM: repel stairs
 16239 | Lair:5   | XOM: swap monsters
 16257 | Lair:5   | XOM: divination: detect items
 16259 | Lair:5   | Killed a dire elephant
 16304 | Lair:5   | XOM: divination: magic mapping
 16435 | Lair:5   | You fall into a shaft and drop 1 floor!
 16435 | Lair:6   | Entered Level 6 of the Lair of Beasts
 16483 | Lair:6   | Reached XP level 14. HP: 113/113 MP: 26/26
 16487 | Lair:6   | XOM: summons 2 friendly demons
 16488 | Lair:6   | Reached skill level 12 in Shields
 16568 | Lair:6   | XOM: 1-stop teleportation journey
 16598 | Lair:6   | Reached skill level 10 in Stealth
 16639 | Lair:6   | Gained mutation: Your mind is acute. (Int +2) [hidden
                  | potential]
 16644 | Lair:6   | XOM: give mutations
 16644 | Lair:6   | Lost mutation: You have hidden genetic potential. [Xom's
                  | mischief]
 16644 | Lair:6   | Lost mutation: Your mind is acute. (Int +2) [Xom's
                  | mischief]
 16718 | Lair:6   | XOM: enchant monster (bad)
 16782 | Lair:6   | XOM: polymorph wyvern -> rime drake
 16786 | Lair:6   | XOM: noise
 16805 | Lair:6   | Reached skill level 10 in Invocations
 16844 | Lair:6   | XOM: confuse monster(s)
 16902 | Lair:6   | Found a staircase to the Slime Pits.
 16902 | Lair:6   | XOM: 8-stop teleportation journey
 16912 | Lair:6   | XOM: summons 4 friendly demons
 16930 | Lair:6   | XOM: blink monster(s)
 17061 | Lair:6   | XOM: divination: magic mapping
 17112 | Lair:6   | XOM: polymorph wyvern -> troll
 17445 | Lair:5   | XOM: noise
 17448 | Lair:5   | XOM: noise
 17449 | Lair:5   | XOM: silly message
 17455 | Lair:5   | XOM: divine lightning
 17471 | Lair:5   | XOM: divine lightning
 17514 | Lair:6   | XOM: potion effect (curing)
 17538 | Lair:6   | XOM: fog
 17540 | Lair:6   | XOM: summons friendly sun demon
 17548 | Lair:6   | XOM: polymorph sun demon -> sixfirhy
 17616 | Lair:6   | XOM: scenery: summon butterflies
 17990 | Lair:6   | Reached skill level 13 in Shields
 18061 | Lair:6   | XOM: cleaving
 18160 | Lair:6   | XOM: scenery: summon butterflies
 18311 | Lair:6   | XOM: confuse monster(s)
 18417 | Lair:6   | XOM: divine lightning
 18442 | Lair:6   | XOM: scenery: create altars
 18488 | Lair:6   | Noticed a dire elephant
 18509 | Lair:6   | XOM: cleaving
 18518 | Lair:6   | Killed a dire elephant
 18531 | Lair:6   | Reached XP level 15. HP: 112/120 MP: 28/28
 18975 | Lair:5   | XOM: god gift: amulet of faith
 19023 | Lair:3   | XOM: cloud trail
 19082 | D:10     | Entered Level 10 of the Dungeon
 19127 | D:10     | XOM: summons 15 friendly demons
 19146 | D:10     | Learned a level 2 spell: Blink
 19150 | D:10     | Learned a level 3 spell: Frozen Ramparts
 19491 | D:10     | XOM: enchant monster (good)
 19669 | D:10     | XOM: cloud trail
 19798 | D:10     | Noticed Erolcha
 19800 | D:10     | Noticed Erolcha
 19800 | D:10     | Erolcha changed into Erolcha the blink frog
 19825 | D:10     | Killed Erolcha the blink frog
 20057 | D:11     | XOM: scenery: summon butterflies
 20061 | D:11     | XOM: give mutation
 20061 | D:11     | Gained mutation: You have a somewhat thin skeletal
                  | structure. (Dex +2, Stealth+) [Xom's grace]
 20172 | D:11     | XOM: enchant monster (good)
 20476 | D:11     | XOM: cloud trail
 20609 | D:11     | XOM: god gift: potion of curing
 20642 | D:11     | XOM: divination: detect creatures
 20704 | D:11     | XOM: god gift: 48 gold pieces
 20718 | D:11     | XOM: give mutations
 20718 | D:11     | Lost mutation: Your movements are slightly less encumbered
                  | by armour. (ER -2) [Xom's mischief]
 20718 | D:11     | Lost mutation: You have a pair of small horns on your head.
                  | [Xom's mischief]
 20718 | D:11     | Lost mutation: You are completely covered in iridescent
                  | scales. (AC +6) [Xom's mischief]
 21158 | D:12     | XOM: silly message
 21300 | D:12     | Reached skill level 10 in Short Blades
 21300 | D:12     | Reached skill level 10 in Long Blades
 21300 | D:12     | Reached skill level 10 in Axes
 21300 | D:12     | Reached skill level 10 in Maces & Flails
 21300 | D:12     | Reached skill level 10 in Polearms
 21300 | D:12     | Reached skill level 10 in Staves
 21300 | D:12     | Reached skill level 10 in Slings
 21300 | D:12     | Reached skill level 10 in Bows
 21300 | D:12     | Reached skill level 10 in Crossbows
 21300 | D:12     | Reached skill level 10 in Throwing
 21300 | D:12     | Reached skill level 10 in Armour
 21300 | D:12     | Reached skill level 10 in Spellcasting
 21300 | D:12     | Reached skill level 10 in Evocations
 21347 | D:12     | Found a staircase to the Orcish Mines.
 21349 | D:12     | Noticed om's ghost (journeyman DrIE)
 21375 | D:12     | XOM: potion effect (brilliance)
 21469 | D:12     | XOM: noise
 21476 | D:12     | XOM: confuse monster(s)
 21786 | D:12     | Found a runed translucent door.
 22037 | D:12     | XOM: give mutation
 22037 | D:12     | Gained mutation: Your body sometimes deteriorates upon
                  | taking damage. [Xom's mischief]
 22161 | D:12     | XOM: give mutations
 22161 | D:12     | Lost mutation: You are strong-willed. (Will+) [Xom's
                  | mischief]
 22161 | D:12     | Gained mutation: You are dopey. (Int -2) [Xom's mischief]
 22161 | D:12     | Lost mutation: You are mostly covered in iridescent scales.
                  | (AC +4) [Xom's mischief]
 22331 | D:12     | Killed om's ghost
 22383 | Orc:1    | Entered Level 1 of the Orcish Mines
 22383 | Orc:1    | Noticed an orc warlord
 22394 | Orc:1    | Killed an orc warlord
 22439 | Orc:1    | Found a frozen archway.
 22439 | Orc:1    | Found Ikobemn's Magic Scroll Emporium.
 22457 | IceCv    | Entered an ice cave
 22496 | IceCv    | XOM: confusion
 22507 | IceCv    | XOM: confusion
 22528 | IceCv    | XOM: noise
 22539 | IceCv    | XOM: blink monster(s)
 22590 | IceCv    | XOM: stat loss: -1 Int (10/11)
 22647 | IceCv    | Got Sif Muna's Volume of Flamy Enchantment
 22766 | IceCv    | XOM: fog
 22781 | IceCv    | XOM: destruction
 22828 | IceCv    | Found the +4 skin of Zhor {*Englaciate rC+++ SInv}
 22830 | IceCv    | Found the +2 Maxwell's thermic engine {flame, freeze}
 22889 | IceCv    | Identified the amulet of Sinit {Spirit rElec}
 23131 | IceCv    | XOM: summons 5 hostile demons
 23182 | Orc:1    | XOM: divination: detect creatures
 23213 | Orc:1    | Bought a scroll of blinking for 112 gold pieces
 23213 | Orc:1    | Bought a scroll of fog for 30 gold pieces
 23213 | Orc:1    | Bought a scroll of fog for 30 gold pieces
 23403 | Orc:1    | Found Lookuaxe's Distillery.
 23412 | Orc:1    | XOM: fake destruction
 23431 | Orc:1    | Bought a potion of curing for 42 gold pieces
 23431 | Orc:1    | Bought a potion of curing for 42 gold pieces
 23431 | Orc:1    | Bought a potion of curing for 42 gold pieces
 23431 | Orc:1    | Bought a potion of resistance for 140 gold pieces
 23431 | Orc:1    | Bought a potion of attraction for 42 gold pieces
 23609 | Orc:2    | Entered Level 2 of the Orcish Mines
 23611 | Orc:2    | Noticed Donald
 23622 | Orc:2    | Killed Donald
 23645 | Orc:2    | XOM: divination: magic mapping
 23757 | Orc:2    | Noticed Nessos
 23772 | Orc:2    | XOM: noise
 23796 | Orc:2    | Killed Nessos
 23854 | Orc:2    | Found Pagajer's General Store.
 23923 | Orc:2    | Bought a potion of heal wounds for 70 gold pieces
 23925 | Orc:2    | Bought 2 javelins for 22 gold pieces
 23976 | Orc:2    | Found a staircase to the Elven Halls.
 23976 | Orc:2    | XOM: 1-stop teleportation journey
 23983 | Orc:2    | XOM: blink monster(s)
 23990 | Orc:2    | Reached skill level 14 in Shields
 24000 | Orc:2    | Found Eseas's Armour Shoppe.
 24000 | Orc:2    | Found Gotosom's Jewellery Shoppe.
 24000 | Orc:2    | XOM: 4-stop teleportation journey
 24021 | Orc:2    | Paralysed by an orc sorcerer for 3 turns
 24036 | Orc:2    | XOM: summons friendly ufetubus
 24080 | Orc:1    | XOM: scenery: create altars
 24094 | Orc:2    | XOM: stat loss: -1 Int (6/8)
 24094 | Orc:2    | XOM: smoke on damage
 24265 | Orc:2    | XOM: cloud trail
 24355 | Orc:2    | XOM: cloud trail
 24361 | Orc:2    | XOM: 3-stop teleportation journey
 24439 | Orc:2    | XOM: noise
 24449 | Orc:2    | XOM: silly message
 24686 | Orc:2    | XOM: divination: detect creatures
 24703 | Orc:2    | Found Cuelaq's Jewellery Boutique.
 24705 | Orc:2    | Found Justre's Antique Weapon Boutique.
 24707 | Orc:2    | Found Entiawya's Jewellery Shop.
 24711 | Orc:2    | Found Ojaireow's Weapon Shop.
 24715 | Orc:2    | Bought 4 javelins for 32 gold pieces
 24715 | Orc:2    | Bought 8 stones for 8 gold pieces
 24937 | Orc:2    | XOM: summons 1 hostile demon
 24980 | Orc:2    | XOM: give mutation
 24980 | Orc:2    | Lost mutation: You are dopey. (Int -2) [Xom's grace]
 25012 | Orc:2    | Found Fetsuibb's Weapon Shoppe.
 25159 | Orc:2    | Found Kiesal's Jewellery Emporium.
 25254 | Orc:2    | Bought the +9 plate armour of Disaster {Will+ rCorr Str+2
                  | Stlth+} for 1211 gold pieces
 25316 | Orc:2    | Bought the ring "Wuatzil" {Fly rElec rC+} for 539 gold
                  | pieces
 25325 | Orc:2    | Bought a ring of poison resistance for 260 gold pieces
 25859 | D:13     | Noticed Jorgrun
 25866 | D:13     | Killed Jorgrun
 25971 | D:13     | Slain by a very large slime creature

Illustrated notes

Levels and vault maps discovered:
D:1:      ebering_trefoil_twist, layout_rooms, serial_rivers,
          chequers_serial_rivers_large_a, chequers_serial_rivers_micro_a,
          chequers_serial_rivers_large_b, chequers_serial_rivers_room_b,
          chequers_serial_rivers_room_a, chequers_serial_rivers_room_a,
          ebering_ecumenical_altar_box
D:2:      layout_loops_ring, serial_forest, infiniplex_forest_clump_large,
          infiniplex_forest_end_2, infiniplex_forest_zigzag_1,
          infiniplex_forest_clump_tiny, infiniplex_forest_diagonal,
          infiniplex_forest_lined_ring, infiniplex_forest_clump_C,
          infiniplex_forest_end_2, infiniplex_forest_clump_small, uniq_jessica
D:3:      layout_rooms, vehumet_crystals, grunt_decor_arrowhead
D:4:      layout_loops_ring, minmay_temple_entry_junction, serial_shops,
          nicolae_shop_statue_plus
D:5:      minmay_chambers_of_fours, layout_cave_pools, serial_gnoll_camp,
          gnoll_camp_huts_basic, gnoll_camp_mini_house,
          gnoll_camp_mini_doghouse, gnoll_camp_mini_shop, serial_shops, shop,
          skrybe_limestone_x
D:6:      layout_basic
D:7:      layout_cave_pools, minivault_4, minmay_quadrilaterals, uniq_pikel,
          uniq_crazy_yiuf_cottage
D:8:      layout_loops_cross
D:9:      layout_basic, dpeg_oklobed_lair
D:10:     layout_basic, uniq_erolcha
D:11:     layout_loops_ring, minivault_16
D:12:     minmay_cornered_nines, layout_basic, orc_0_dummy,
          hellmonk_ghost_happy_afterlife
D:13:     layout_irregular_city, uniq_jorgrun
Temple:   nicolae_temple_the_god_donut
Lair:1:   layout_loops_ring, chequers_serial_rivers_room_a,
          infiniplex_staircase_pool_2
Lair:2:   layout_cave_pods, spider_nest_entry_rubble,
          nicolae_lair_grazing_beasts [nicolae_sub_lair_graze_edge,
          nicolae_sub_lair_graze_edge, nicolae_sub_lair_graze_edge,
          nicolae_sub_lair_graze_edge]
Lair:3:   layout_loops_ring, elwin_shoals_entry_stream, guppyfry_lair_drakes
Lair:4:   layout_misc_corridors, serial_bayou_shore_b
Lair:5:   layout_cave_pods, eino_small_chamber_without_monster
Lair:6:   hangedman_lair_tendril_chambers, layout_regular_city,
          hangedman_lair_in_review, minmay_slime_entry_pillars,
          lemuel_old_faithful
Orc:1:    layout_caves, serial_shops, shop, nicolae_shop_advertising_works
          [nicolae_subvault_shop_adworks], basic_altar,
          portal_ice_cave_entry_pillars_2
Orc:2:    st_orc_mages, layout_caves, serial_shops, nicolae_shop_waterfront,
          nicolae_square_shop, nicolae_lakefront_shop,
          nicolae_shop_hallway_plus, nicolae_shop_bloodbath_and_beyond,
          uniq_nessos, uniq_donald

Skill      XL: |  1  2  3  4  5  6  7  8  9 10 11 12 13 14 15 |
---------------+----------------------------------------------+-----
Short Blades   | 1 2 3 4 5 6 7 8 9 10 | 10.5
Long Blades    | 1 2 3 4 5 6 7 8 9 10 | 10.5
Axes           | 1 2 3 4 5 6 7 8 9 10 | 10.5
Maces & Flails | 1 2 3 4 5 6 7 8 9 10 | 10.5
Polearms       | 1 2 3 4 5 6 7 8 9 10 | 10.5
Staves         | 1 2 3 4 5 6 7 8 9 10 | 10.5
Slings         | 1 2 3 4 5 6 7 8 9 10 | 10.5
Bows           | 1 2 3 4 5 6 7 8 9 10 | 10.5
Crossbows      | 1 2 3 4 5 6 7 8 9 10 | 10.5
Throwing       | 1 2 3 4 5 6 7 8 9 10 | 10.5
Armour         | 1 2 3 4 5 6 7 8 9 10 | 10.5
Shields        | 1 2 4 6 7 9 10 11 13 14 | 14.3
Spellcasting   | 1 2 3 4 5 6 7 8 9 10 | 10.5
Conjurations   | 1 2 3 4 5 6 7 8 |  8.8
Hexes          | 1 2 3 4 5 6 7 8 |  8.8
Summonings     | 1 2 3 4 5 6 7 8 |  8.8
Necromancy     | 1 2 3 4 5 6 7 8 |  8.8
Translocations | 1 2 3 4 5 6 7 8 |  8.8
Transmutations | 1 2 3 4 5 6 7 8 |  8.8
Fire Magic     | 1 2 3 4 5 6 7 8 |  8.8
Ice Magic      | 1 2 3 4 5 6 7 8 |  8.8
Air Magic      | 1 2 3 4 5 6 7 8 |  8.8
Earth Magic    | 1 2 3 4 5 6 7 8 |  8.8
Poison Magic   | 1 2 3 4 5 6 7 8 |  8.8
Invocations    | 1 2 3 4 5 6 7 8 9 10 11 | 11.4
Evocations     | 1 2 3 4 5 6 7 8 9 10 | 10.5
Fighting       | 7 8 9 10 11 12 | 12.3
Dodging        | 7 8 9 10 11 12 | 12.3
Unarmed Combat | 7 8 9 10 11 12 | 12.3
Stealth        | 5 6 7 8 9 10 11 | 11.3

Action                   |  1- 3 |  4- 6 |  7- 9 | 10-12 | 13-15 || total
-------------------------+-------+-------+-------+-------+-------++-------
Melee: Unarmed           |    71 |    95 |       |       |       ||   166
       Punch             |     2 |     7 |     5 |       |       ||    14
       Bite              |     8 |    18 |    45 |   116 |   226 ||   413
       Morningstar       |       |    86 |   346 |   750 |  1144 ||  2326
       Headbutt          |       |       |       |   164 |   267 ||   431
       Double sword      |       |       |       |       |   246 ||   246
 Fire: Arbalest          |       |       |    21 |       |       ||    21
Throw: Stone             |     8 |    78 |    69 |   222 |   674 ||  1051
       Dart              |       |       |    17 |     7 |    51 ||    75
       Throwing net      |       |       |     1 |       |       ||     1
       Boomerang         |       |       |    52 |    12 |       ||    64
       Javelin           |       |       |       |     7 |    20 ||    27
 Cast: Frozen Ramparts   |       |       |       |       |    19 ||    19
Invok: Renounce Religion |     1 |       |       |       |       ||     1
Evoke: Wand              |       |       |     2 |     7 |    12 ||    21
       Lightning rod     |       |       |       |       |     6 ||     6
  Use: Scroll            |     1 |     3 |    11 |     4 |    12 ||    31
       Potion            |       |       |       |     5 |     4 ||     9
 Stab: Sleeping          |     4 |     1 |       |       |       ||     5
       Paralysed         |       |       |       |    12 |     2 ||    14
       Petrified         |       |       |       |     2 |       ||     2
       Distracted        |       |       |       |     1 |     2 ||     3
       Confused          |       |       |       |     1 |       ||     1
       Invisible         |       |       |       |       |     6 ||     6
Armor: Robe              |     3 |       |       |       |       ||     3
       Ring mail         |     3 |    31 |       |       |       ||    34
       Chain mail        |       |    84 |   108 |       |       ||   192
       Scale mail        |       |       |   149 |       |       ||   149
       Plate armour      |       |       |    30 |   619 |   924 ||  1573
       Animal skin       |       |       |       |       |    59 ||    59
Dodge: Dodged            |    39 |    94 |   212 |   329 |   796 ||  1470
Block: Kite shield       |       |       |   165 |   462 |  1136 ||  1763
       Reflection        |       |       |       |       |     8 ||     8

Table legend: (Time is in decaauts)
 A = Elapsed time spent in this place.
 B = Non-inter-level travel time spent in this place.
 C = Inter-level travel time spent in this place.
 D = Time resting spent in this place.
 E = Time spent auto-exploring this place.
 F = Levels seen in this place.
 G = Mean time per level.
                   A        B        C        D        E       F      G
               +--------+--------+--------+--------+--------+-----+--------+
         Total |  26526 |  24864 |   1662 |   2238 |  15445 |  23 | 1153.3 |
       Dungeon |  15045 |  14132 |    913 |   2023 |   8701 |  13 | 1157.3 |
        Temple |    288 |    242 |     46 |      0 |    226 |   1 |  288.0 |
          Lair |   8226 |   7680 |    546 |     63 |   5128 |   6 | 1371.0 |
  Orcish Mines |   2273 |   2117 |    156 |    143 |   1149 |   2 | 1136.5 |
      Ice Cave |    692 |    692 |      0 |      7 |    240 |   1 |  692.0 |
               +--------+--------+--------+--------+--------+-----+--------+

Top non-repeatable levels by time:
  Lair:6: 2214 daAuts
     D:5: 2046 daAuts
   Orc:2: 1630 daAuts
     D:4: 1561 daAuts
  Lair:3: 1470 daAuts
     D:2: 1401 daAuts
     D:9: 1374 daAuts
  Lair:1: 1353 daAuts
  Lair:5: 1334 daAuts
    D:12: 1238 daAuts
     D:3: 1144 daAuts
  Lair:2: 1135 daAuts
     D:7: 1058 daAuts
     D:8: 1020 daAuts
    D:10: 960 daAuts
